Map: Orbital Shipyard

Players

Coballo - Winner!

  • Race: Zerg Zerg
  • League: Diamond

LilDicky

  • Race: Terran Terran
  • League: Diamond

VOD

http://www.twitch.tv/tumescentpie

Description

Time

  • Played on: Nov. 30, 2015, 3:01 p.m.
  • Length: 21:43
Show
View Real Time Build Order
Export as new Build Order

Coballo Zerg - Winner!

Build Orders: Hatch First, Muta Ling Bane 

Get SALT Encoding   

  12  0:07  Overlord  
  12  0:13  Drone  
  13  0:18  Drone  
  14  0:26  Drone  
  15  0:32  Drone  
  16  0:43  Drone  
  17  0:53  Hatchery  
  17  0:56  Drone  
  17  1:01  Drone  
  18  1:12  Extractor  
  18  1:15  Spawning Pool  
  18  1:18  Drone  
  17  1:23  Drone  
  18  1:34  Drone  
  19  1:44  Overlord  
  19  2:02  Zergling x2  
  19  2:05  Queen x2  
  19  2:07  Zergling x2  
  25  2:11  Drone  
  25  2:13  Metabolic Boost  
  26  2:18  Drone x2  
  28  2:29  Drone x2  
  30  2:40  Queen  
  30  2:42  Overlord  
  33  2:58  Drone  
  33  3:00  Hatchery  
  33  3:01  Drone  
  33  3:09  Baneling Nest  
  33  3:11  Drone x2  
  34  3:19  Queen  
  36  3:28  Zergling x2  
  36  3:30  Drone  
  36  3:31  Drone x2  
  40  3:34  Drone x2  
  40  3:38  Overlord  
  42  3:42  Zergling x2  
  42  3:43  Zergling x2  
  44  3:50  Zergling x2  
  44  3:59  Overlord  
  44  4:01  Lair  
  44  4:07  Extractor  
  44  4:08  Drone  
  44  4:09  Drone, Extractor  
  44  4:12  Evolution Chamber  
  44  4:14  Evolution Chamber  
  44  4:16  Queen  
  44  4:21  Drone x3  
  47  4:25  Drone  
  47  4:26  Drone  
  49  4:35  Drone x2  
  51  4:42  Drone x3  
  53  4:46  Extractor, Zerg Melee Weapons Level 1  
  53  4:47  Zerg Ground Armor Level 1  
  52  4:58  Drone  
  53  5:00  Overseer  
  53  5:05  Drone x3  
  53  5:06  Drone  
  57  5:14  Overlord  
  57  5:17  Centrifical Hooks  
  57  5:18  Drone x2  
  57  5:19  Drone  
  60  5:24  Spore Crawler  
  60  5:27  Zergling x4  
  61  5:31  Overlord x2  
  61  5:39  Drone x4, Spore Crawler  
  61  5:41  Zergling x8  
  68  5:50  Spire  
  68  5:53  Zergling x6  
  70  6:00  Zergling x8  
  70  6:01  Zergling x2  
  75  6:04  Overlord  
  75  6:09  Extractor  
  74  6:11  Extractor  
  74  6:13  Overlord  
  73  6:19  Overlord  
  73  6:23  Zergling x2  
  73  6:25  Baneling x5  
  74  6:26  Baneling  
  74  6:28  Drone  
  74  6:30  Drone x3  
  74  6:31  Drone x2  
  74  6:32  Drone  
  81  6:33  Overlord  
  81  6:42  Zerg Melee Weapons Level 2  
  81  6:44  Zerg Ground Armor Level 2  
  81  6:47  Baneling  
  81  6:48  Baneling x4  
  81  6:51  Overlord  
  81  6:57  Overlord  
  81  7:09  Drone x3  
  81  7:10  Drone  
  85  7:15  Mutalisk  
  85  7:16  Mutalisk  
  85  7:19  Mutalisk  
  91  7:28  Hatchery  
  90  7:31  Mutalisk  
  90  7:32  Mutalisk x3  
  98  7:38  Baneling x4  
  98  7:40  Drone  
  99  7:45  Zergling x8  
  99  7:46  Zergling x4  
  99  7:50  Drone x2  
  99  7:51  Drone  
  108  8:00  Extractor  
  108  8:01  Zergling x4  
  108  8:02  Zergling x8, Extractor  
  112  8:08  Drone x4  
  116  8:23  Zergling x10  
  116  8:26  Hatchery, Infestation Pit  
  119  8:42  Roach Warren  
  118  8:49  Corruptor  
  118  8:50  Corruptor x3  
  118  8:52  Overlord  
  118  8:53  Overlord  
  126  9:04  Overlord x3  
  126  9:08  Hive  
  126  9:10  Queen  
  126  9:15  Overlord  
  126  9:16  Overlord  
  128  9:37  Corruptor x4  
  128  9:38  Corruptor  
  136  9:42  Zerg Flyer Weapons Level 1  
  136  9:45  Drone x3  
  139  9:49  Baneling x5  
  139  9:51  Queen  
  141  9:56  Drone x3  
  141  9:57  Drone x2  
  146  10:11  Overlord x2  
  146  10:12  Zergling x2  
  147  10:26  Adrenal Glands  
  147  10:27  Ultralisk Cavern  
  147  10:28  Zerg Ground Armor Level 3, Zerg Melee Weapons Level 3  
  145  10:54  Zergling x22  
  150  11:15  Ultralisk x4  
  150  11:16  Ultralisk  
  180  11:19  Chitinous Plating  
  180  11:29  Overlord  
  180  11:30  Overseer x4  
  170  11:55  Ultralisk x2  
  170  11:56  Ultralisk x2  
  194  12:04  Greater Spire  
  192  12:18  Corruptor x3  
  179  12:48  Zergling x2  
  179  12:49  Zergling x58  
  180  12:54  Zergling x6  
  180  12:55  Zergling x4  
  185  13:05  Drone x3  
  185  13:06  Drone  
  185  13:08  Ultralisk x2  
  188  13:20  Zergling x6  
  188  13:21  Zergling x6  
  188  13:37  Zergling x18  
  188  13:39  Baneling  
  188  13:40  Baneling x17  
  188  13:41  Baneling x8  
  193  13:55  Zergling x2  
  193  13:56  Zergling x10  
  181  14:14  Overlord x3  
  181  14:16  Zergling x14  
  181  14:17  Zergling x2  
  189  14:19  Overlord  
  189  14:21  Overseer x2  
  189  14:26  Queen  
  189  14:28  Spore Crawler  
  188  14:32  Pneumatized Carapace  
  188  14:33  Zergling x14  
  190  14:57  Zergling x2  
  190  14:58  Zergling x20  
  199  15:16  Hatchery  
  198  15:31  Zergling x2  
  198  15:32  Zergling x2  
  198  15:35  Spine Crawler x2  
  190  15:57  Zergling x24  
  186  15:58  Zergling x6  
  190  16:10  Zergling x16  
  190  16:11  Zergling x2  
  197  16:12  Queen  
  195  16:28  Queen  
  197  16:36  Overlord  
  197  16:49  Zerg Flyer Weapons Level 2  
  197  16:51  Queen  
  186  17:02  Corruptor  
  186  17:03  Overlord  
  186  17:04  Corruptor x6  
  172  17:20  Corruptor  
  172  17:21  Corruptor x11  
  196  17:41  Queen  
  198  17:56  Extractor  
  198  17:57  Extractor  
  178  18:06  Brood Lord  
  178  18:07  Brood Lord x9  
  178  18:08  Brood Lord x2  
  178  18:12  Zergling x10  
  190  18:30  Drone x3  
  193  18:50  Overlord  
  193  18:51  Overlord  
  193  18:52  Overlord  
  191  19:06  Zergling x8  
  195  19:27  Corruptor x2  
  189  19:46  Corruptor x5  
  197  20:04  Corruptor x2  
  197  20:14  Zergling x14  
  191  20:33  Drone x3  
  191  20:34  Queen  
  180  20:38  Corruptor x2  
  173  20:59  Zergling x2  
  173  21:00  Zergling x28  
  183  21:12  Corruptor  
  184  21:22  Zergling x18  
Show
View Real Time Build Order
Export as new Build Order

LilDicky Terran 

Build Orders:  

Get SALT Encoding   

  12  0:01  SCV  
  13  0:13  SCV  
  14  0:18  Supply Depot  
  14  0:29  SCV  
  14  0:32  Refinery  
  15  0:41  SCV  
  16  0:46  Barracks  
  16  0:53  SCV  
  17  1:05  SCV  
  18  1:19  SCV  
  19  1:31  SCV  
  20  1:37  Reaper  
  21  1:45  Command Center  
  21  1:48  Orbital Command  
  21  2:04  Supply Depot  
  21  2:09  Factory  
  21  2:10  Barracks Tech Lab  
  21  2:16  SCV, Refinery  
  22  2:28  SCV  
  23  2:30  Marine  
  24  2:40  SCV  
  24  2:41  Supply Depot  
  24  2:52  SCV  
  25  2:59  Barracks Reactor, Starport  
  25  3:05  SCV, Siege Tank  
  26  3:10  Orbital Command  
  29  3:17  SCV  
  30  3:29  SCV  
  30  3:34  Command Center  
  31  3:35  SCV  
  32  3:43  Starport, Marine x2  
  32  3:46  SCV  
  35  3:50  Refinery  
  35  3:51  SCV  
  36  3:58  Siege Tank  
  36  4:00  SCV  
  40  4:03  SCV, Liberator  
  40  4:06  Marine x2  
  43  4:12  SCV  
  43  4:15  SCV  
  45  4:24  SCV, Marine x2  
  49  4:28  SCV  
  52  4:36  SCV  
  53  4:41  SCV  
  53  4:45  Siege Tank  
  56  4:50  SCV  
  56  4:51  Command Center  
  57  4:57  Liberator  
  57  4:59  Liberator  
  57  5:10  Barracks Reactor, Orbital Command  
  57  5:11  SCV  
  58  5:18  SCV  
  65  5:22  Refinery  
  65  5:23  SCV  
  66  5:30  SCV  
  66  5:35  SCV  
  68  5:44  SCV  
  68  5:49  Marine  
  69  5:50  SCV, Siege Tank, Liberator x2  
  74  5:57  SCV x2  
  74  5:58  Marine  
  77  6:05  SCV  
  77  6:09  SCV, Refinery, Marine  
  77  6:10  SCV  
  87  6:15  Barracks  
  87  6:17  SCV, Barracks, Orbital Command  
  88  6:19  Engineering Bay x2  
  88  6:22  SCV x2, Refinery  
  90  6:29  SCV  
  91  6:33  Marine  
  92  6:46  Supply Depot  
  92  6:48  Terran Infantry Weapons Level 1, Terran Infantry Armor Level 1  
  92  6:49  Supply Depot  
  92  6:52  Supply Depot  
  92  6:53  Liberator  
  92  6:55  Barracks  
  92  6:56  Barracks  
  92  7:06  Missile Turret  
  92  7:07  Marine x2  
  92  7:08  SCV x3, Siege Tank  
  100  7:09  Missile Turret x2  
  100  7:10  SCV  
  104  7:16  Missile Turret  
  104  7:20  SCV x2  
  104  7:21  Command Center  
  106  7:24  SCV x2  
  106  7:26  Marine x2  
  106  7:28  Barracks Tech Lab x2  
  106  7:29  Supply Depot  
  110  7:33  Armory  
  110  7:36  SCV  
  111  7:39  SCV, Supply Depot  
  111  7:44  Marine x2  
  113  7:47  SCV  
  113  7:49  Barracks Reactor x2, Combat Shields  
  113  7:50  Stimpack  
  113  7:51  Marine x2  
  117  7:56  SCV x2  
  119  8:00  Missile Turret  
  119  8:02  Command Center, Siege Tank  
  122  8:07  Factory  
  122  8:08  SCV x2  
  122  8:09  Starport  
  122  8:11  Medivac x2  
  122  8:12  SCV  
  129  8:16  SCV, Missile Turret  
  130  8:20  SCV, Missile Turret  
  130  8:22  Marine  
  130  8:23  Missile Turret  
  132  8:33  SCV x2, Marauder, Marine  
  137  8:34  Siege Tank  
  139  8:41  Missile Turret  
  139  8:42  Marine  
  139  8:43  Missile Turret, Marine  
  140  8:54  Marine  
  140  8:55  Marauder, Missile Turret, Marine x3  
  146  8:59  Supply Depot, Missile Turret  
  146  9:00  Supply Depot  
  146  9:02  Missile Turret  
  146  9:03  Terran Infantry Weapons Level 2, Terran Infantry Armor Level 2  
  146  9:04  Marine  
  147  9:13  Medivac, Marine x2  
  147  9:14  Marauder  
  155  9:17  Marauder  
  155  9:35  Marauder  
  151  9:41  Missile Turret  
  151  9:42  Missile Turret  
  151  9:43  Missile Turret  
  151  9:46  Missile Turret, Marine  
  151  9:47  Marauder, Marine  
  151  9:49  Marine x2  
  157  9:55  Siege Tank  
  157  9:56  Marauder  
  157  9:58  Factory Tech Lab  
  162  10:01  Starport Reactor  
  162  10:03  Starport Tech Lab  
  162  10:05  Marine x2  
  162  10:08  Starport  
  162  10:09  Marauder  
  158  10:27  Siege Tank  
  161  10:29  SCV x2  
  161  10:30  SCV x2  
  165  10:40  Command Center  
  165  10:41  SCV  
  139  10:58  Marine  
  139  10:59  Refinery, Marine x3  
  139  11:00  Planetary Fortress, Refinery, Marauder  
  139  11:01  Marine  
  139  11:02  Marine x2  
  146  11:06  Planetary Fortress  
  146  11:10  Missile Turret  
  146  11:11  Missile Turret x2  
  146  11:12  Missile Turret x2  
  146  11:13  Missile Turret x2  
  146  11:15  Supply Depot  
  146  11:16  Marine  
  146  11:17  Marine x3  
  150  11:19  Marine x2  
  150  11:20  Marauder  
  150  11:21  Marauder  
  156  11:26  Starport Reactor  
  156  11:34  Marine  
  156  11:35  Marine  
  156  11:36  Marine  
  159  11:41  Marauder  
  159  11:42  Marauder  
  159  11:46  Command Center  
  159  12:02  Supply Depot, Marine  
  159  12:03  Supply Depot, Marauder  
  159  12:04  Marauder  
  159  12:05  Missile Turret  
  164  12:09  Marine x3  
  164  12:10  Liberator x3, Marine x2  
  169  12:20  Marine  
  170  12:24  Marauder  
  170  12:25  Marauder  
  170  12:26  Marine  
  170  12:27  Marine  
  170  12:28  Cloaking Field  
  170  12:29  Banshee  
  188  12:31  Terran Vehicle And Ship Armor Level 1  
  188  12:32  Fusion Core  
  188  12:38  Liberator  
  180  12:45  Missile Turret  
  180  12:46  Marauder x2  
  141  12:53  Liberator x3, Marine x6  
  141  12:54  Liberator  
  141  12:58  SCV x2  
  126  13:07  Marauder  
  126  13:08  Barracks, Marauder  
  126  13:10  Marine x2  
  126  13:11  Marine x4  
  148  13:13  Supply Depot x2  
  148  13:17  Supply Depot  
  148  13:21  Liberator  
  131  13:28  Marine x3  
  131  13:29  Marine x4  
  138  13:35  Liberator  
  138  13:36  Liberator x2  
  138  13:41  Marine  
  142  13:43  Supply Depot  
  142  13:45  Supply Depot  
  142  13:46  Marauder, Marine x2  
  142  13:47  Marauder, Marine  
  149  13:51  Planetary Fortress  
  149  13:52  Planetary Fortress  
  158  13:58  Missile Turret  
  158  14:08  Marauder  
  158  14:09  Marine  
  149  14:15  Marine x3  
  149  14:16  Marauder, Marine  
  155  14:18  Missile Turret x2  
  155  14:22  Supply Depot  
  155  14:23  Supply Depot, Marine, Medivac x2  
  160  14:28  Engineering Bay  
  160  14:34  Supply Depot  
  160  14:37  Supply Depot  
  160  14:44  Marine  
  160  14:45  Marauder  
  154  14:53  Marine  
  154  14:54  Marine x5  
  154  14:55  Medivac x2  
  154  14:56  Medivac  
  166  15:02  Marine  
  164  15:07  Marine  
  164  15:11  Barracks Tech Lab, Marine  
  164  15:12  Marauder  
  168  15:23  Marine x2  
  168  15:25  Marauder  
  120  16:13  Marine x9  
  120  16:15  SCV x2  
  120  16:16  SCV x2  
  128  16:24  Command Center  
  128  16:25  Missile Turret  
  128  16:26  Medivac x4  
  128  16:30  Marine  
  128  16:31  Marine x6  
  128  16:32  Marauder x2  
  135  16:48  Marine  
  135  16:49  Marauder, Marine x5  
  135  16:53  Marauder x2  
  137  17:06  Marine x3  
  140  17:11  Marauder  
  140  17:14  Marauder  
  138  17:18  Marine x4  
  142  17:24  Marine x2  
  142  17:26  Marine  
  145  17:32  Marauder  
  145  17:35  Marine  
  145  17:36  Marine x2, Marauder  
  154  17:37  Marauder  
  154  17:38  Orbital Command  
  154  17:43  Marine x2  
  156  17:45  Command Center  
  156  17:54  Marauder  
  156  17:57  Marauder  
  154  17:58  Marauder  
  154  18:05  Marine x2  
  144  18:07  Marine x2  
  148  18:15  Marauder  
  148  18:19  Marauder x2  
  142  18:43  Viking  
  142  18:44  Viking x4  
  150  18:51  Marine  
  150  18:52  Marauder  
  150  19:02  Widow Mine  
  127  19:13  Viking  
  127  19:14  Viking x3  
  133  19:18  Viking  
  133  19:21  Missile Turret  
  121  19:43  Viking  
  103  19:53  Viking x3  
  84  20:00  Marine  
  84  20:01  Marine x8  
  76  20:18  Marine  
  76  20:19  Marine x4  
  59  20:39  Viking  
  59  20:40  Marine  
  31  21:10  Marine  
  31  21:11  Marine  
Tags
 
Add a new tag
Caveats
  • Supply blocks, unpowered buildings, or Contaminate may cause inaccurate times.
  • Supply counts are checked every 10 seconds.